 Dungeon Crawl Stone Soup version 0.30-a0-879-ga8ba668304 (webtiles) character file.

Game seed: 374576036904082565

4542 domi the Destroyer (level 10, -6/63 HPs)
             Began as a Demonspawn Conjurer on Mar 12, 2023.
             Was an Initiate of Gozag.
             Shot with an arrow by a centaur warrior (20 damage)
             ... on level 8 of the Dungeon.
             The game lasted 00:27:28 (9840 turns).

domi the Destroyer (Demonspawn Conjurer)            Turns: 9840, Time: 00:27:29

Health: -6/63      AC: 10    Str:  8    XL:     10   Next: 17%
Magic:  0/17       EV: 12    Int: 24    God:    Gozag
Gold:   1268       SH:  0    Dex: 11    Spells: 0/19 levels left

rFire   . . .      SeeInvis .    m - +2 dagger (venom)
rCold   . . .      Faith    .    (no shield)
rNeg    . . .      Spirit   +    a - +1 robe
rPois   .          Reflect  .    (helmet restricted)
rElec   .          Rampage  .    (no cloak)
rCorr   .                        H - +2 pair of gloves
Will    .....                    w - +0 pair of boots
Stlth   ++                       (no amulet)
HPRegen 0.30/turn                (no ring)
MPRegen 0.30/turn                (no ring)

@: no status effects
A: antennae 1, thin metallic scales 2, powered by death 1, magic shield, magic
regeneration
a: Renounce Religion, Potion Petition, Call Merchant, Bribe Branch


You were on level 8 of the Dungeon.
You worshipped Gozag.
Gozag was most pleased with you.
You visited 1 branch of the dungeon, and saw 8 of its levels.
You also visited: Sewer.

You collected 1336 gold pieces.
You paid 68 gold pieces to Gozag.

Inventory:

Hand Weapons
 d - a +2 dagger of chaos
   (You took it off a goblin on level 1 of the Dungeon)
 m - a +2 dagger of venom (weapon)
   (You took it off a goblin on level 2 of the Dungeon)
 n - the +9 morningstar of Yeast {flame, rPois rC+++ Will- Str-3}
   (You took it off an orc priest on level 7 of the Dungeon)

   Str:       It affects your strength (-3).
   rC:        It renders you almost immune to cold.
   rPois:     It protects you from poison.
   Will:      It decreases your willpower.
 p - a +2 short sword of draining
   (You took it off a kobold in a sewer)
 v - a +1 dagger of venom
   (You found it on level 3 of the Dungeon)
Missiles
 q - 5 javelins (quivered)
Armour
 a - a +1 robe (worn)
 j - a +2 helmet
   (You found it on level 2 of the Dungeon)
 w - a +0 pair of boots (worn)
   (You found it on level 5 of the Dungeon)
 H - a +2 pair of gloves (worn)
   (You found it on level 6 of the Dungeon)
Magical Staves
 y - a staff of fire {rF+}
   (You found it on level 4 of the Dungeon)
 D - a staff of death {rN+}
   (You found it on level 5 of the Dungeon)
Jewellery
 s - a ring of fire {rF+, rC-}
   (You found it on level 2 of the Dungeon)
Wands
 x - a wand of roots (5)
   (You took it off Blork the orc on level 4 of the Dungeon)
 A - a wand of polymorph (14)
   (You found it on level 4 of the Dungeon)
 C - a wand of charming (6)
   (You took it off Ijyb on level 5 of the Dungeon)
 E - a wand of mindburst (11)
   (You found it on level 6 of the Dungeon)
 F - a wand of acid (4)
   (You found it on level 6 of the Dungeon)
 I - a wand of flame (13)
   (You found it on level 7 of the Dungeon)
Scrolls
 g - a scroll of identify {@r1}
 u - a scroll of immolation {!r!r}
 z - 2 scrolls of amnesia
 G - a scroll of enchant weapon
Potions
 b - a potion of magic
 c - 2 potions of brilliance {unknown}
 e - a potion of berserk rage {unknown}
 f - a potion of resistance {unknown}
 h - 4 potions of invisibility {unknown}
 i - 2 potions of flight {unknown}
 k - 5 potions of heal wounds {unknown}
 o - a potion of cancellation
 r - a potion of curing {unknown}
 t - 3 potions of might {unknown}
 B - 2 potions of mutation {unknown}
 J - 2 potions of attraction {unknown}
 K - a potion of lignification {unknown}


   Skills:
 - Level 1.7 Dodging
 - Level 1.7 Stealth
 + Level 5.3 Spellcasting
 + Level 9.9 Conjurations
 - Level 5.0 Hexes
 - Level 5.0 Translocations
 + Level 4.3 Ice Magic
 + Level 4.4 Air Magic
 + Level 1.3 Poison Magic


You couldn't memorise any spells.
You knew the following spells:

 Your Spells              Type           Power      Damage    Failure   Level
c - Iskenderun's Mystic   Conj/Tloc      42%        2d10      4%          4
x - Searing Ray           Conj           100%       2d8       1%          2
z - Magic Dart            Conj           100%       1d8       1%          1
C - Mephitic Cloud        Conj/Pois/Air  31%        N/A       3%          3
X - Freezing Cloud        Conj/Ice/Air   18%        6-21      19%         5
Z - Fulminant Prism       Conj/Hex       21%        3d12      4%          4

Your spell library contained the following spells:

 Spells                   Type           Power      Damage    Failure   Level
 Slow                     Hex            100%       N/A       1%          1
 Dazzling Flash           Conj/Hex       84%        N/A       1%          3
 Confusing Touch          Hex            30%        N/A       3%          3
 Portal Projectile        Hex/Tloc       60%        N/A       3%          3
 Vhi's Electric Charge    Tloc/Air       56%        N/A       3%          3
 Kindle Blastsparks       Fire/Tloc/Air  42%        2d13      7%          3
 Arcjolt                  Conj/Air       20%        1d30      12%         5
 Call Imp                 Summ           6%         N/A       13%         2
 Ignite Poison            Fire/Tmut/Pois 8%         N/A       22%         3
 Call Canine Familiar     Summ           6%         N/A       26%         3
 Vampiric Draining        Necr           6%         2d6       26%         3
 Leda's Liquefaction      Hex/Erth       9%         N/A       30%         4
 Maxwell's Capacitive Co  Air            13%        ∞         100%        8


Dungeon Overview and Level Annotations

Branches:
Dungeon (8/15)             Temple (0/1) D:6           Sewer (visited)
   Lair: D:8-11

Altars:
Cheibriados
Gozag
Kikubaaqudgha
Makhleb
Nemelex Xobeh
Okawaru
Qazlal

Shops:
D:4 =   D:6 *

Annotations:
D:8 Joseph


Innate Abilities, Weirdness & Mutations

You have a pair of small antennae on your head.
You are mostly covered in thin metallic scales. (AC +3)
You regenerate a little health from kills.
When hurt, damage is shared between your health and your magic reserves.
You regenerate magic rapidly.


Message History

There is a stone staircase leading up here.
There is a stone staircase leading up, spattered with blood here.
Things that are here:
7 gold pieces; a +0 ring mail; a +0 club You conjure a prism of explosive energy!
A fulminant prism comes into view.
The arrow hits your fulminant prism!!
You see here a +0 war axe.
You conjure a prism of explosive energy!
A fulminant prism comes into view.
Your fulminant prism crackles loudly.
There is a stone staircase leading up, spattered with blood here.
You hear a shout!
You hear an angry buzzing noise. x2; You hear a shout!
You start resting.
The centaur warrior shoots an arrow.
The arrow hits you!
You conjure a prism of explosive energy!
A fulminant prism comes into view.
The centaur warrior shoots an arrow.
The arrow hits your fulminant prism!!
The centaur warrior shoots an arrow.
The arrow hits you!!
Okay, then.
The centaur warrior shoots an arrow.
The arrow hits you!!
* * * LOW HITPOINT WARNING * * *
You climb upwards.
There is a stone staircase leading down here.
You start resting.
There is a stone staircase leading down here.
You climb downwards.
Level annotation: Joseph
There is a stone staircase leading up here.
There is a stone staircase leading up, spattered with blood here.
A bullfrog comes into view.
You conjure a prism of explosive energy!
The bullfrog gives a loud, deep croak!
A fulminant prism comes into view.
You hear an angry buzzing noise.
A killer bee comes into view.
You hear a loud crackle.
You hear an explosion!
You hear an angry buzzing noise.
You hear a shout!
You hear a roar!
There is a stone staircase leading up, spattered with blood here.
Okay, then.
Unknown command.
The ball explodes into a vile cloud!
The stinking cloud engulfs Joseph but does no damage.
Joseph shouts!
Joseph is engulfed in noxious fumes.
Joseph appears confused.
Joseph cries.
Aim: Joseph, wielding a +0 sling and wearing a +0 leather armour (confused, 100% to hit)
The magic dart hits Joseph.
Aim: Joseph, wielding a +0 sling and wearing a +0 leather armour (lightly wounded, confused, 100% to hit)
The magic dart hits Joseph but does no damage.
Aim: Joseph, wielding a +0 sling and wearing a +0 leather armour (noxious fumes, lightly wounded, confused, 100% to hit)
The magic dart hits Joseph!
Joseph is engulfed in noxious fumes.
Joseph appears confused.
Aim: Joseph, wielding a +0 sling and wearing a +0 leather armour (noxious fumes, lightly wounded, confused, 100% to hit)
The magic dart hits Joseph.
The bullfrog hits you but does no damage.
Joseph is engulfed in noxious fumes.
Joseph appears confused.
Joseph ponders the situation.
You erupt in a blast of force!
The mystic blast hits the bullfrog.
The bullfrog is knocked back by the mystic blast.
Aim: Joseph, wielding a +0 sling and wearing a +0 leather armour (noxious fumes, lightly wounded, confused, 94% to hit)
The searing ray hits Joseph! (Press . to maintain the ray.) Joseph is engulfed in noxious fumes.
Joseph appears confused.
The bullfrog hits you.
The searing ray hits Joseph!
Joseph shakes.
The bullfrog hits you. The bullfrog barely misses you. x2
You climb upwards.
There is a stone staircase leading down here.
You hit the bullfrog.
The bullfrog is poisoned.
The bullfrog hits you but does no damage.
You completely miss the bullfrog. The bullfrog closely misses you.
The bullfrog hits you but does no damage.
You barely miss the bullfrog. The bullfrog hits you.
You hit the bullfrog.
The bullfrog looks as sick as possible!
You kill the bullfrog!
You now have 1268 gold pieces (gained 7).
There is a stone staircase leading down here.
You start resting.
There is a stone staircase leading down here.
You climb downwards.
Level annotation: Joseph
There is a stone staircase leading up here.
The centaur warrior shoots an arrow.
The arrow hits you!
The centaur warrior shoots an arrow.
The arrow hits you!
The centaur warrior shoots an arrow.
The arrow hits you!
The centaur warrior shoots an arrow.
The arrow hits you!!
* * * LOW HITPOINT WARNING * * *
Okay, then.
Okay, then.
You can't see any susceptible monsters within range! (Use Z to cast anyway.) Unknown command.
As you read the scroll of fog, it crumbles to dust.
The scroll dissolves into smoke.
The centaur warrior shoots an arrow.
The arrow hits you!!
You die...
Your body crumbles into a pile of gold.

......#..###
####.......#
...........#
######.>...# #.....#
#.....#
#.....#########
#........§§§§.#
#........§§@§.#
#....c....§§§§#
#.........§..§#
#.............#
#.............#
#.............#
#.............########
#############.........
#.########


You could see a centaur warrior.

Vanquished Creatures
  2 gargoyles (D:7)
  An unseen horror (D:7)
  A hornet (D:8)
  A wyvern (D:4)
  Sigmund (D:2)
  3 water moccasins
  4 orc warriors (D:7)
  A sky beast (D:7)
  A black bear (D:7)
  3 ogres
  4 kobold brigands
  A phantom (D:6)
  Blork the orc (D:4)
  2 bullfrogs
  5 wights (D:7)
  A killer bee (D:7)
  2 howler monkeys (D:7)
  5 electric eels (D:7)
  2 orc priests
  4 hounds
  2 jellies
  A sleepcap (D:7)
  4 iguanas
  Ijyb (D:5)
  A gnoll bouda (D:7)
  3 orc wizards
  Robin (D:2)
  A mummy (D:3)
  13 gnolls
  11 adders
  A shadow imp (D:7)
  A white imp (D:6)
  2 worms
  4 dart slugs
  28 orcs
  9 ball pythons
  16 endoplasms
  3 giant cockroaches (D:1)
  18 goblins
  7 hobgoblins
  9 jackals
  29 kobolds
  4 quokkas
  6 bats
  5 frilled lizards
  8 rats
233 creatures vanquished.

Vanquished Creatures (others)
  33 fulminant prisms
  8 fungi
  16 plants
57 creatures vanquished.

Grand Total: 290 creatures vanquished

Notes
Turn   | Place    | Note
-------+----------+-------------------------------------------
     0 | D:1      | domi the Demonspawn Conjurer began the quest for the Orb.
     0 | D:1      | Reached XP level 1. HP: 13/13 MP: 3/3
   228 | D:1      | Gained mutation: You regenerate magic rapidly. [demonic
                  | ancestry]
   228 | D:1      | Reached XP level 2. HP: 19/19 MP: 0/5
   385 | D:1      | Learned a level 2 spell: Searing Ray
   553 | D:1      | Reached skill level 5 in Conjurations
   577 | D:1      | Reached XP level 3. HP: 24/24 MP: 1/6
   609 | D:1      | Found a faded altar of an unknown god.
  1231 | D:2      | Noticed Sigmund
  1443 | D:2      | Killed Sigmund
  1444 | D:2      | Reached skill level 6 in Conjurations
  1444 | D:2      | Gained mutation: When hurt, damage is shared between your
                  | health and your magic reserves. [demonic ancestry]
  1444 | D:2      | Reached XP level 4. HP: 17/30 MP: 1/7
  1444 | D:2      | Gained mutation: You regenerate a little health from kills.
                  | [demonic ancestry]
  1444 | D:2      | Reached XP level 5. HP: 19/35 MP: 1/8
  1510 | D:2      | Learned a level 4 spell: Iskenderun's Mystic Blast
  1610 | D:2      | Reached skill level 7 in Conjurations
  1611 | D:2      | Noticed Robin
  1628 | D:2      | Killed Robin
  2091 | D:2      | Reached XP level 6. HP: 41/41 MP: 5/9
  2593 | D:3      | Reached skill level 1 in Translocations
  2804 | D:3      | Found an opulent altar of Gozag.
  2820 | D:3      | Became a worshipper of Gozag Ym Sagoz the Greedy
  2941 | D:3      | Found an iron altar of Okawaru.
  3020 | D:3      | Found a snail-covered altar of Cheibriados.
  3348 | D:4      | Noticed Blork the orc
  3494 | D:4      | Killed Blork the orc
  3515 | D:4      | Noticed a wyvern
  3567 | D:4      | Killed a wyvern
  3568 | D:4      | Reached skill level 3 in Spellcasting
  3568 | D:4      | Reached skill level 2 in Translocations
  3568 | D:4      | Gained mutation: You are partially covered in thin metallic
                  | scales. (AC +2) [demonic ancestry]
  3568 | D:4      | Reached XP level 7. HP: 38/46 MP: 1/11
  3667 | D:4      | Found a sparkling altar of Nemelex Xobeh.
  3767 | D:4      | Found Jaos's Jewellery Shoppe.
  3891 | D:4      | Learned a level 4 spell: Fulminant Prism
  4322 | D:5      | Entered Level 5 of the Dungeon
  4406 | D:5      | Reached skill level 1 in Hexes
  4456 | D:5      | Found a glowing drain.
  4473 | Sewer    | Entered a sewer
  4505 | Sewer    | Reached skill level 3 in Translocations
  4567 | Sewer    | Reached skill level 8 in Conjurations
  4663 | Sewer    | Reached skill level 4 in Spellcasting
  4977 | D:5      | Reached skill level 2 in Hexes
  4977 | D:5      | Gained mutation: You have a pair of small antennae on your
                  | head. [demonic ancestry]
  4977 | D:5      | Reached XP level 8. HP: 47/52 MP: 6/14
  5042 | D:5      | HP: 13/52 [poisoned by a water moccasin]
  5047 | D:5      | HP: 6/52 [poisoned by a water moccasin]
  5382 | D:5      | Noticed Ijyb
  5386 | D:5      | Killed Ijyb
  5742 | D:5      | Found an ancient bone altar of Kikubaaqudgha.
  5871 | D:5      | Reached skill level 3 in Hexes
  5871 | D:5      | Reached skill level 4 in Translocations
  5924 | D:5      | Learned a level 5 spell: Freezing Cloud
  5979 | D:6      | Found Ihumok's Assorted Antiques.
  6187 | D:6      | Found a stormy altar of Qazlal.
  6227 | D:6      | Found a staircase to the Ecumenical Temple.
  6239 | D:6      | Reached skill level 1 in Ice Magic
  6239 | D:6      | Reached skill level 1 in Air Magic
  6802 | D:6      | Reached skill level 5 in Spellcasting
  7204 | D:7      | Gained mutation: You are mostly covered in thin metallic
                  | scales. (AC +3) [demonic ancestry]
  7204 | D:7      | Reached XP level 9. HP: 57/57 MP: 10/16
  7214 | D:7      | Reached skill level 4 in Hexes
  7218 | D:7      | Reached skill level 2 in Air Magic
  7322 | D:7      | Reached skill level 2 in Ice Magic
  7497 | D:7      | Identified the +9 morningstar of Yeast {flame, rPois rC+++
                  | Will- Str-3}
  7499 | D:7      | Noticed a gargoyle
  7507 | D:7      | Reached skill level 9 in Conjurations
  7536 | D:7      | Killed a gargoyle
  7537 | D:7      | Reached skill level 5 in Translocations
  7600 | D:7      | Noticed a gargoyle
  7625 | D:7      | Killed a gargoyle
  7626 | D:7      | Reached skill level 3 in Ice Magic
  7626 | D:7      | Reached skill level 3 in Air Magic
  7707 | D:7      | Reached skill level 5 in Hexes
  7840 | D:7      | Found a burning altar of Makhleb.
  8216 | D:7      | Reached skill level 4 in Ice Magic
  8216 | D:7      | Reached skill level 4 in Air Magic
  8379 | D:7      | Reached XP level 10. HP: 63/63 MP: 10/17
  8407 | D:7      | Learned a level 3 spell: Mephitic Cloud
  8939 | D:8      | Noticed Joseph
  9085 | D:8      | Reached skill level 1 in Poison Magic
  9377 | D:8      | Noticed a centaur warrior
  9839 | D:8      | HP: 13/63 [centaur warrior/arrow (18)]
  9840 | D:8      | Shot with an arrow by a centaur warrior

Illustrated notes

Levels and vault maps discovered:
D:1:      nzn_arrival_settlement, layout_basic,
          hellmonk_ecumenical_altar_dog_temple
D:2:      minmay_skewed_foursquare, layout_basic, dreamdust_wishing_well,
          grunt_ministairs_4, hangedman_feature_mirror, uniq_robin, uniq_sigmund
D:3:      layout_rooms, lemuel_round_altar, chei_slow_surprise,
          grunt_gozag_breadcrumbs, kennysheep_generic_room_3
D:4:      layout_cave_pools, nemelex_dance_club_becter, serial_shops, shop,
          uniq_blork_the_orc
D:5:      layout_basic, general_overflow_altar, cheibrodos_sewer_entry_bend,
          uniq_ijyb
D:6:      layout_basic, mainiacjoe_overflow_tiny_flanked,
          minmay_temple_entry_ruins, serial_corexii_hall,
          corexii_hall_statues_x, corexii_hall_statues_l, nicolae_stop_n_shop_2,
          dreamdust_mushroom_princess
D:7:      nzn_winding_woodlands_small [nzn_winding_woodlands_5x15_eye,
          nzn_winding_woodlands_center_triple_pond,
          nzn_winding_woodlands_5x15_zeroes], layout_cave_pods,
          lemuel_crystal_altar, makhleb_grotto_becter, hangedman_decor_points,
          serial_bayou_ford_a
D:8:      layout_basic, grunt_tough_drop, uniq_joseph

Skill      XL: |  1  2  3  4  5  6  7  8  9 10 |
---------------+-------------------------------+-----
Conjurations   | 5 6 7 8 9 |  9.9
Translocations | 2 3 4 5 |  5.0
Spellcasting   | 3 4 5 |  5.3
Hexes          | 2 3 5 |  5.0
Ice Magic      | 1 4 |  4.3
Air Magic      | 1 4 |  4.4
Poison Magic   | 1 |  1.3
Dodging        | |  1.7
Stealth        | |  1.7

Action                     |  1- 3 |  4- 6 |  7- 9 | 10-12 || total
---------------------------+-------+-------+-------+-------++-------
  Melee: Dagger            |       |     6 |       |     5 ||    11
  Throw: Javelin           |       |       |     3 |       ||     3
   Cast: Magic Dart        |    82 |   109 |   154 |     8 ||   353
         Searing Ray       |     1 |     9 |    51 |     6 ||    67
         Iskenderun's Myst |       |       |    11 |     4 ||    15
         Fulminant Prism   |       |       |    19 |    14 ||    33
         Mephitic Cloud    |       |       |       |     1 ||     1
  Evoke: Wand              |       |       |     9 |       ||     9
    Use: Scroll            |       |       |    15 |     1 ||    16
         Potion            |       |       |     1 |     1 ||     2
 Armour: Robe              |     3 |     9 |    14 |     9 ||    35
  Dodge: Dodged            |    13 |    17 |    21 |    14 ||    65

Table legend: (Time is in decaauts)
 A = Elapsed time spent in this place.
 B = Non-inter-level travel time spent in this place.
 C = Inter-level travel time spent in this place.
 D = Time resting spent in this place.
 E = Time spent auto-exploring this place.
 F = Levels seen in this place.
 G = Mean time per level.
                   A        B        C        D        E       F      G
               +--------+--------+--------+--------+--------+-----+--------+
         Total |   9870 |   9297 |    573 |   1788 |   6125 |   9 | 1096.7 |
       Dungeon |   9508 |   8935 |    573 |   1723 |   5887 |   8 | 1188.5 |
         Sewer |    362 |    362 |      0 |     65 |    237 |   1 |  362.0 |
               +--------+--------+--------+--------+--------+-----+--------+

Top non-repeatable levels by time:
     D:7: 2245 daAuts
     D:2: 1397 daAuts
     D:5: 1298 daAuts
     D:1: 1267 daAuts
     D:6: 1197 daAuts
     D:4: 852 daAuts
     D:3: 844 daAuts
     D:8: 404 daAuts
   Sewer: 362 daAuts

Table legend:
 A = Kills in this place as a percentage of kills in the entire game.
 B = Kills by you in this place as a percentage of kills by you in the entire game.
 C = Kills by friends in this place as a percentage of kills by friends in the entire game.
 D = Other kills in this place as a percentage of other kills in the entire game.
 E = Experience gained in this place as a percentage of experience gained in the entire game.
 F = Experience gained in this place divided by the number of levels of this place that you have seen.
                   A       B       C       D       E      F
               +-------+-------+-------+-------+-------+----------------------
         Total | 100.0 | 100.0 |   N/A |   N/A | 100.0 | 721.0
       Dungeon |  93.1 |  93.1 |   N/A |   N/A |  96.6 | 783.5
         Sewer |   6.9 |   6.9 |   N/A |   N/A |   3.4 | 221.0
               +-------+-------+-------+-------+-------+----------------------
